 Dungeon Crawl Stone Soup version 0.31-a0-319-g4fced400ed (webtiles) character file.

Game seed: 11128214679448232311

42772 night the Brawler (level 13, -3/96 (98) HPs)
             Began as a Demonspawn Shapeshifter on July 18, 2023.
             Was a High Priest of Hepliaklqana.
             Killed from afar by an ogre mage (36 damage)
             ... with a bolt of magma
             ... while paralysed by an ogre mage
             ... on level 2 of the Orcish Mines.
             The game lasted 00:38:35 (17817 turns).

night the Brawler (Demonspawn Shapeshifter)        Turns: 17817, Time: 00:38:36

HP:   -3/96 (98)    AC: 14    Str: 21    XL:     13   Next: 87%
MP:   13/13         EV:  2    Int:  9    God:    Hepliaklqana [*****.]
Gold: 1660          SH:  0    Dex: 14    Spells: 12/12 levels left

rFire   . .          .
                       - Unarmed
rCold   + . .        K - +0 kite shield
rNeg    . . .        C - +2 chain mail {rC+}
rPois   .            b - melded +2 hat
rElec   .            g - melded +1 cloak {Will+}
rCorr   .            i - melded +0 pair of gloves
SInv    .            (boots currently unavailable)
Will    .....        M - amulet of reflection Stlth
                     t - +4 ring of protection
HPRegen 0.36/turn    h - +4 ring of slaying
MPRegen 0.13/turn

%: repel missiles, reflection
@: paralysed, beast-form, lightly drained
A: beast (slay +7), reduced essence, antennae 1, repulsion field 3, ignite blood
2, powered by pain 1
a: Begin Untransformation, Renounce Religion, Recall Ancestor, Ancestor
Identity, Transference, Idealise


You were on level 2 of the Orcish Mines.
You worshipped Hepliaklqana.
Hepliaklqana was extremely pleased with you.
You were a hulking beast.
You visited 4 branches of the dungeon, and saw 18 of its levels.
You also visited: Gauntlet.

You collected 1660 gold pieces.

Inventory:

Missiles
 f - 4 silver javelins
 q - 3 boomerangs
 J - 6 curare-tipped darts
Armour
 b - a +2 hat (melded)
 g - a +1 cloak of willpower (melded)
 i - a +0 pair of gloves (melded)
 v - a +0 troll leather armour
 C - a +2 chain mail of cold resistance (worn)
 I - a +1 ring mail of fire resistance
 K - a +0 kite shield (worn)
Jewellery
 h - a +4 ring of slaying (right hand)
 k - a ring of positive energy
 t - a +4 ring of protection (left hand)
 B - an amulet of guardian spirit
 D - an amulet of the acrobat
 E - a ring of see invisible
 M - an amulet of reflection (around neck)
 V - an amulet of regeneration
Talismans
 c - a beast talisman
Scrolls
 d - 3 scrolls of immolation
 m - 2 scrolls of silence
 n - a scroll of amnesia
 o - a scroll of fear
 p - 4 scrolls of blinking
 r - a scroll of poison
 s - a scroll of enchant weapon
 y - 2 scrolls of torment
 G - a scroll of vulnerability
 H - 4 scrolls of teleportation
 L - 2 scrolls of revelation
 U - 4 scrolls of fog
 X - a scroll of brand weapon
 Z - a scroll of enchant armour
Potions
 a - 2 potions of might {unknown}
 e - 3 potions of invisibility {unknown}
 j - 5 potions of heal wounds
 u - 3 potions of lignification
 w - 3 potions of enlightenment
 x - a potion of resistance {unknown}
 z - a potion of mutation {unknown}
 A - 3 potions of brilliance {unknown}
 P - 10 potions of ambrosia
 Q - 2 potions of magic {unknown}
 T - a potion of cancellation {unknown}
 Y - a potion of curing
Miscellaneous
 l - a phial of floods
 F - a phantom mirror


   Skills:
 + Level 12.4 Fighting
 - Level 1.7 Dodging
 * Level 15.8 Unarmed Combat
 + Level 10.0 Shapeshifting


You had 12 spell levels left.
You didn't know any spells.
Your spell library contained the following spells:

 Spells                   Type           Power      Damage    Failure   Level
 Sandblast                Erth           0%         2d4       100%        1
 Cigotuvi's Dreadful Rot  Necr/Pois/Air  0%         N/A       100%        2
 Passwall                 Tmut/Erth      0%         N/A       100%        2
 Ignite Poison            Fire/Tmut/Pois 0%         N/A       100%        3
 Stone Arrow              Conj/Erth      0%         3d7       100%        3
 Volatile Blastmotes      Fire/Tloc      0%         2d10      100%        3
 Cause Fear               Hex            0%         N/A       100%        4
 Fulminant Prism          Conj/Hex       0%         3d5       100%        4
 Iskenderun's Mystic Bla  Conj/Tloc      0%         2d3       100%        4
 Alistair's Intoxication  Tmut/Pois      0%         N/A       100%        5
 Borgnjor's Vile Clutch   Necr/Erth      0%         N/A       100%        5
 Fireball                 Conj/Fire      0%         3d3       100%        5
 Freezing Cloud           Conj/Ice/Air   0%         6-21      100%        5
 Summon Forest            Summ/Tloc      0%         N/A       100%        5
 Summon Mana Viper        Hex/Summ       0%         N/A       100%        5
 Eringya's Noxious Bog    Tmut/Pois      0%         4d6       100%        6
 Summon Cactus Giant      Summ           0%         N/A       100%        6
 Haunt                    Necr/Summ      0%         N/A       100%        7
 Borgnjor's Revivificati  Necr           0%         N/A       100%        8
 Death's Door             Necr           0%         N/A       100%        9
 Dragon's Call            Summ           0%         N/A       100%        9


Dungeon Overview and Level Annotations

Branches:
Dungeon (11/15)            Temple (1/1) D:6            Lair (4/5) D:11
 Shoals (0/4) Lair:3       Spider (0/4) Lair:2        Slime (0/5) Lair:4
    Orc (2/2) D:10            Elf (0/3) Orc:2       Gauntlet (visited)

Altars:
Ashenzari
Cheibriados
Dithmenos
Fedhas
Gozag
Hepliaklqana
Kikubaaqudgha
Makhleb
Nemelex Xobeh
Okawaru
Qazlal
Ru
Sif Muna
Trog
Uskayaw
Vehumet
Wu Jian
Xom
Yredelemnul
Jiyva

Shops:
D:4 (   Orc:2 !:


Innate Abilities, Weirdness & Mutations

You are a hulking beast.
Your limbs bulge with bestial killing power. (Slay +7)
Your life essence is reduced to manifest your ancestor. (-10% HP)
You have a pair of small antennae on your head.
You are surrounded by a strong repulsion field. (EV +4, RMsl)
Your demonic aura often causes spilled blood to erupt in flames.
You sometimes gain a little power by taking damage.


Message History

You block the ogre's attack.
You closely miss the ogre.
The ogre is severely wounded.
You block the ogre's attack.
The orc sorcerer gestures wildly while chanting.
The orc wizard gestures wildly while chanting.
The orc wizard flickers and vanishes!
You pummel the ogre!!
You kill the ogre!
Okay, then.
You close the door, pushing everything out of the way.
You see here a +0 robe.
Something unseen breaks down the door.
You punch the orc sorcerer!
The orc sorcerer is heavily wounded.
The neqoxec is engulfed in blazing flames.
The orc sorcerer is engulfed in blazing flames.
The orc sorcerer casts a spell at you. The bolt of fire hits you!!
You are too injured to fight recklessly!
You are too injured to fight recklessly!
You closely miss the orc sorcerer.
The orc sorcerer is almost dead.
The orc sorcerer is engulfed in blazing flames.
You kill the orc sorcerer!
The neqoxec disappears in a puff of smoke!
It's broken and can't be closed.
The orc wizard casts a spell.
The orc wizard flickers and vanishes!
You pummel something!!
You hear some strange, mumbled words.
You suddenly lose the ability to move!
Something hits you.
Reactivating autopickup.
You feel a bit more experienced.
You hear some strange, mumbled words.
A bolt of magma appears from out of thin air!
Deactivating autopickup; reactivate with Ctrl-A.
The bolt of magma hits you!!!
You die...

####### #####§≈≈≈§#####
#### #§≈≈§≈≈≈≈≈≈§≈≈##≈≈§#
#≈≈§≈≈§≈≈...##...≈
###8.≈§§§...+..8###
≈###.....§...8)#...._#
§§§#........§...){°)...#
#≈≈##..≈≈≈...≈§§.h#{....8.≈
#
#≈≈#∩.#####..≈#####{O.....#
###≈≈##..≈§≈.))≈# #.o....##
.##§≈≈#........≈# o.....##
#.≈##≈###......≈# .....##
#.§##≈≈§####...≈# .≈§..#
...≈§§≈≈≈≈≈....≈# .##≈..#
.............)§≈#
............8..≈#


There were no monsters in sight!

Vanquished Creatures
  Rupert (Lair:4)
  A minotaur (Gauntlet)
  A hydra (Lair:3)
  3 catoblepae
  The ghost of Nuriomm the Thaumaturge, a journeyman GnWn of Cheibriados (Lair:3)
  The ghost of Ecaiwiergh the Ripper, a journeyman FeCK of Xom (Orc:1)
  A boulder beetle (D:11)
  2 two-headed ogres
  An orc high priest (Orc:2)
  2 large abominations (Gauntlet)
  A wolf spider (Lair:3)
  5 orc sorcerers (Orc:2)
  An ugly thing (D:10)
  An elephant (Lair:2)
  4 black mambas
  4 cane toads
  A minotaur zombie (Gauntlet)
  A rime drake (Lair:4)
  Maggie (D:8)
  A gargoyle (D:11)
  A kobold demonologist (D:10)
  A komodo dragon (Lair:1)
  3 trolls
  2 polar bears
  6 hornets
  3 dream sheep
  14 blink frogs
  A centaur simulacrum (Gauntlet)
  24 yaks
  2 basilisks
  A hog (Lair:4)
  A vampire (D:10)
  2 wyverns
  5 small abominations (Gauntlet)
  A steam dragon (D:8)
  A redback (Lair:2)
  Menkaure (D:4)
  4 wargs
  Edmund (D:4)
  Duvessa (D:7)
  2 water moccasins
  10 orc warriors
  2 ice beasts
  2 sky beasts (D:7)
  A meliai simulacrum (Gauntlet)
  5 black bears
  2 wolves (Lair:3)
  3 ogres (Orc:2)
  5 centaurs
  3 phantoms
  A kobold brigand (D:9)
  12 bullfrogs
  A gnoll sergeant (D:7)
  6 scorpions
  10 wights (D:8)
  Dowan (D:7)
  32 killer bees
  5 electric eels
  A vampire bat (Orc:1)
  A jelly (D:6)
  4 howler monkeys
  A wyvern simulacrum (Gauntlet)
  2 hounds
  7 orc priests
  A sleepcap (D:7)
  A gnoll bouda (D:6)
  4 iguanas
  18 orc wizards
  Natasha (thrice) (D:4)
  Robin (D:4)
  6 gnolls
  3 river rats (D:4)
  13 adders
  3 white imps (D:7)
  7 worms
  3 dart slugs
  40 orcs
  7 ball pythons
  10 endoplasms
  A giant cockroach (D:1)
  15 goblins
  7 hobgoblins
  5 quokkas
  8 bats
  A frilled lizard (D:3)
  13 kobolds
  4 rats
402 creatures vanquished.

Vanquished Creatures (collateral kills)
  Kirke (Lair:4)
  A death scarab (Gauntlet)
  An orc sorcerer (Orc:2)
  2 elephants (Lair:2)
  A gargoyle (D:10)
  A komodo dragon (Lair:4)
  A minotaur zombie (Gauntlet)
  A cane toad (Lair:4)
  A queen bee (D:9)
  A troll (D:10)
  2 blink frogs
  2 dream sheep (Lair:3)
  A spectral black mamba (Gauntlet)
  A shadow (D:9)
  2 centaur simulacra (Gauntlet)
  6 yaks
  A warg (D:11)
  A water moccasin (Lair:1)
  An orc warrior (Orc:1)
  2 wolves (Lair:3)
  An ogre (Orc:2)
  A kobold brigand (D:10)
  2 bullfrogs (Lair:3)
  7 killer bees (D:9)
  A vampire bat (Orc:1)
  An orc priest (D:11)
  2 orc wizards
  A gnoll (D:7)
  3 adders (Lair:3)
  13 orcs
  A bat (Orc:1)
  4 kobolds
67 creatures vanquished.

Vanquished Creatures (others)
  2 humans (Lair:4)
  An ancestor (D:9)
  9 battlemagi
  A gnoll (D:6)
  An orc (Orc:2)
14 creatures vanquished.

Grand Total: 483 creatures vanquished

Notes
Turn   | Place    | Note
-------+----------+-------------------------------------------
     0 | D:1      | night the Demonspawn Shapeshifter began the quest for the
                  | Orb.
     0 | D:1      | Reached XP level 1. HP: 16/16 MP: 1/1
    60 | D:1      | Reached skill level 2 in Unarmed Combat
   171 | D:1      | Gained mutation: You are surrounded by a mild repulsion
                  | field. (EV +2) [demonic ancestry]
   171 | D:1      | Reached XP level 2. HP: 22/22 MP: 2/2
   362 | D:1      | Found a faded altar of an unknown god.
   379 | D:1      | You fall into a shaft and drop 1 floor!
  1603 | D:3      | Reached XP level 3. HP: 28/28 MP: 3/3
  2113 | D:3      | Reached skill level 3 in Unarmed Combat
  2360 | D:3      | Reached XP level 4. HP: 34/34 MP: 4/4
  2488 | D:4      | Found Xuigen's Weapon Boutique.
  2556 | D:4      | Noticed Menkaure
  2561 | D:4      | HP: 5/34 [Menkaure (17)]
  2585 | D:4      | Killed Menkaure
  2586 | D:4      | Reached XP level 5. HP: 41/41 MP: 5/5
  2727 | D:4      | Reached skill level 4 in Unarmed Combat
  2978 | D:4      | Noticed Natasha
  2983 | D:4      | Killed Natasha
  3049 | D:4      | Noticed Robin
  3075 | D:4      | Gained mutation: You sometimes gain a little power by
                  | taking damage. [demonic ancestry]
  3075 | D:4      | Reached XP level 6. HP: 44/47 MP: 4/6
  3087 | D:4      | Killed Robin
  3305 | D:4      | Noticed Natasha
  3329 | D:4      | Killed Natasha
  3384 | D:4      | Noticed Natasha
  3392 | D:4      | Killed Natasha
  3459 | D:5      | Entered Level 5 of the Dungeon
  3511 | D:5      | Noticed Edmund
  3512 | D:5      | Reached skill level 5 in Unarmed Combat
  3512 | D:5      | Gained mutation: You have a pair of small antennae on your
                  | head. [demonic ancestry]
  3512 | D:5      | Reached XP level 7. HP: 37/54 MP: 5/7
  3556 | D:4      | Killed Edmund
  3772 | D:5      | Reached skill level 6 in Unarmed Combat
  4275 | D:6      | Gained mutation: You are surrounded by a moderate repulsion
                  | field. (EV +3) [demonic ancestry]
  4275 | D:6      | Reached XP level 8. HP: 56/61 MP: 8/8
  4293 | D:6      | Reached skill level 5 in Fighting
  4344 | D:6      | Found a shimmering altar of Xom.
  4624 | D:6      | Found a staircase to the Ecumenical Temple.
  4634 | Temple   | Entered the Ecumenical Temple
  4644 | Temple   | Became a worshipper of Hepliaklqana the Forgotten
  4848 | D:6      | Reached skill level 7 in Unarmed Combat
  4875 | D:6      | Reached skill level 5 in Shapeshifting
  5520 | D:7      | Found a basalt altar of Yredelemnul.
  5546 | D:7      | Gained mutation: Your demonic aura sometimes causes spilled
                  | blood to erupt in flames. [demonic ancestry]
  5546 | D:7      | Reached XP level 9. HP: 69/69 MP: 9/9
  5612 | D:7      | Reached skill level 8 in Unarmed Combat
  5788 | D:7      | Noticed Dowan
  5789 | D:7      | Noticed Duvessa
  5805 | D:7      | Killed Duvessa
  5820 | D:7      | Killed Dowan
  6146 | D:7      | Reached * piety under Hepliaklqana
  6752 | D:8      | Reached skill level 9 in Unarmed Combat
  7250 | D:8      | Noticed Maggie
  7266 | D:8      | Killed Maggie
  7267 | D:8      | Reached XP level 10. HP: 46/70 MP: 10/10
  7870 | D:9      | Reached skill level 10 in Unarmed Combat
  8095 | D:9      | Noticed a two-headed ogre
  8111 | D:9      | Killed a two-headed ogre
  8368 | D:9      | Reached ** piety under Hepliaklqana
  8369 | D:9      | Remembered your ancestor Tenoch as a battlemage
  8561 | D:9      | Reached skill level 11 in Unarmed Combat
  8860 | D:10     | Entered Level 10 of the Dungeon
  8957 | D:10     | Noticed a gargoyle
  8964 | D:10     | Killed a gargoyle
  8965 | D:10     | Gained mutation: Your demonic aura often causes spilled
                  | blood to erupt in flames. [demonic ancestry]
  8965 | D:10     | Reached XP level 11. HP: 41/78 MP: 11/11
  9249 | D:10     | Found a blossoming altar of Fedhas.
  9249 | D:10     | Noticed a red ugly thing
  9259 | D:10     | Killed a red ugly thing
  9396 | D:10     | Found a hide-covered altar of Uskayaw.
  9605 | D:10     | Found a radiant altar of Vehumet.
  9672 | D:10     | Found a staircase to the Orcish Mines.
 10361 | D:11     | Found a staircase to the Lair.
 10361 | D:11     | Noticed a boulder beetle
 10575 | D:11     | Killed a boulder beetle
 10782 | D:11     | Reached skill level 12 in Unarmed Combat
 11213 | Lair:1   | Entered Level 1 of the Lair of Beasts
 11300 | Lair:1   | Reached *** piety under Hepliaklqana
 11948 | Lair:2   | Found a hole to the Spider Nest.
 12078 | Lair:2   | Reached skill level 10 in Fighting
 12264 | Lair:2   | Reached XP level 12. HP: 49/87 MP: 12/12
 12266 | Lair:2   | Reached skill level 13 in Unarmed Combat
 12623 | Lair:2   | Noticed a catoblepas
 12629 | Lair:2   | Killed a catoblepas
 13100 | Lair:3   | Noticed a catoblepas
 13112 | Lair:3   | Killed a catoblepas
 13213 | Lair:3   | Noticed a six-headed hydra
 13221 | Lair:3   | Killed a six-headed hydra
 13247 | Lair:3   | Found a gate leading to a gauntlet.
 13262 | Gauntlet | Entered a Gauntlet
 13262 | Gauntlet | Found a transporter.
 13262 | Gauntlet | Found a transporter.
 13358 | Gauntlet | Found a transporter.
 13358 | Gauntlet | Found a transporter.
 13361 | Gauntlet | Found a transporter.
 13367 | Gauntlet | Noticed a great orb of eyes
 13367 | Gauntlet | Noticed a death scarab
 13371 | Gauntlet | Found a transporter.
 13375 | Gauntlet | Reached **** piety under Hepliaklqana
 13376 | Gauntlet | Found a transporter.
 13384 | Gauntlet | Found a transporter.
 13392 | Gauntlet | Found a transporter.
 13410 | Gauntlet | Found a transporter.
 13418 | Gauntlet | Found a transporter.
 13438 | Gauntlet | Found a transporter.
 13642 | Gauntlet | Reached skill level 14 in Unarmed Combat
 13891 | Gauntlet | Killed a death scarab
 13933 | Gauntlet | Noticed a minotaur
 13942 | Gauntlet | Killed a minotaur
 13945 | Gauntlet | Identified the +6 giant club of Context {freeze, rCorr}
 14455 | Lair:3   | Found a staircase to the Shoals.
 14547 | Lair:3   | Gained mutation: You are surrounded by a strong repulsion
                  | field. (EV +4, RMsl) [demonic ancestry]
 14547 | Lair:3   | Reached XP level 13. HP: 72/95 MP: 13/13
 14841 | Lair:3   | Found a runed translucent gate.
 14842 | Lair:3   | Found a runed translucent gate.
 14843 | Lair:3   | Found a runed translucent gate.
 14846 | Lair:3   | Noticed Nuriomm's ghost (journeyman GnWn)
 14863 | Lair:3   | Killed Nuriomm's ghost
 15365 | Lair:4   | Noticed Kirke
 15376 | Lair:4   | Killed Kirke
 15470 | Lair:4   | Reached ***** piety under Hepliaklqana
 15482 | Lair:4   | Reached skill level 15 in Unarmed Combat
 15741 | Lair:4   | Reached skill level 12 in Fighting
 15983 | Lair:4   | Noticed Rupert
 15993 | Lair:4   | Killed Rupert
 16269 | Lair:4   | Found a viscous altar of Jiyva.
 16269 | Lair:4   | Found a staircase to the Slime Pits.
 16421 | Orc:1    | Entered Level 1 of the Orcish Mines
 16638 | Orc:1    | Found a runed translucent door.
 16639 | Orc:1    | Noticed Ecaiwiergh's ghost (journeyman FeCK)
 16648 | Orc:1    | Killed Ecaiwiergh's ghost
 16986 | Orc:2    | Entered Level 2 of the Orcish Mines
 16991 | Orc:2    | Found a staircase to the Elven Halls.
 17168 | Orc:2    | Found Ihuyga's Distillery.
 17186 | Orc:2    | Paralysed by an orc sorcerer for 2 turns
 17209 | Orc:2    | HP: 8/97 [chaos spawn[an orc sorcerer] (8)]
 17731 | Orc:2    | Found Cimorak's Book Shop.
 17738 | Orc:2    | Reached skill level 10 in Shapeshifting
 17787 | Orc:2    | Found a radiant altar of Vehumet.
 17814 | Orc:2    | Paralysed by something for 4 turns
 17817 | Orc:2    | Killed from afar by an ogre mage

Illustrated notes

Levels and vault maps discovered:
D:1:      spicycebolla_green_bress_n_ham, layout_basic, basic_ecumenical_altar
D:2:      layout_loops_ring, kennysheep_generic_room_11
D:3:      layout_basic, amethyst_killhole, minmay_diced_spiral
D:4:      layout_loops_ring, lightli_sewer_entry_pipes, serial_shops,
          nicolae_shop_bloodbath_and_beyond, uniq_natasha, uniq_menkaure,
          uniq_robin
D:5:      layout_cave_pools, uniq_edmund
D:6:      layout_rooms, kennysheep_mini_moat, lemuel_temple_firewalk_b,
          minmay_misc_feat_doors, kennysheep_cross_room, lemuel_flamethrower_1
D:7:      layout_loops_cross, lemuel_doored_altar, serial_bayou,
          serial_bayou_shore_b, serial_bayou_lagoon_a, serial_bayou_crossing,
          serial_bayou_shore_b, uniq_duvessa
D:8:      layout_loops_ring, uniq_maggie
D:9:      layout_rooms, special_room [special_room_bee]
D:10:     layout_loops_corners, overflow_temple_1_default,
          mainiacjoe_overflow_catch_the_wave, orc_0_dummy
D:11:     layout_small_grid, erik_lair_orcish_takeover
Temple:   sentei_temple_godly_chess
Lair:1:   layout_cellular_growth
Lair:2:   layout_loops_ring, spider_nest_entry_webs, beast_lair_carwin_11,
          grunt_megastairs_1
Lair:3:   minmay_lair_venomous_thicket, layout_regular_city,
          elwin_shoals_entry_rocks, ebering_ghost_rock_garden,
          gauntlet_entry_generic
Lair:4:   layout_cave_pods, dpeg_slime_entry_enclosed, uniq_kirke, uniq_rupert
Orc:1:    layout_diamond_mine, gammafunk_ghost_grave, roderic_batcave
Orc:2:    kennysheep_orc_mage_school, layout_diamond_mine, serial_shops,
          nicolae_shop_just_a_little_nook, statue_in_the_mist_lemuel,
          david_defended_altar_orc

Skill      XL: |  1  2  3  4  5  6  7  8  9 10 11 12 13 |
---------------+----------------------------------------+-----
Unarmed Combat | 2 3 4 5 6 7 9 11 12 14 15 | 15.8
Shapeshifting  | 3 4 5 6 7 8 9 10 | 10.0
Fighting       | 3 4 6 7 8 10 11 12 | 12.4
Dodging        | |  1.7

Action                     |  1- 3 |  4- 6 |  7- 9 | 10-12 | 13-15 || total
---------------------------+-------+-------+-------+-------+-------++-------
  Melee: Unarmed           |   156 |   215 |   386 |   399 |   172 ||  1328
         Punch             |     4 |     5 |    19 |       |       ||    28
  Throw: Dart              |       |       |       |       |     1 ||     1
 Invoke: Ancestor Life: Ba |       |       |       |     1 |       ||     1
         Recall Ancestor   |       |       |       |     1 |       ||     1
Ability: Begin Untransform |     1 |       |       |     1 |       ||     2
  Evoke: Wand              |       |       |       |       |     2 ||     2
    Use: Potion            |       |     2 |     4 |       |     1 ||     7
         Scroll            |       |       |     2 |    13 |     3 ||    18
   Stab: Sleeping          |     1 |       |       |       |       ||     1
         Distracted        |       |       |     1 |     4 |     2 ||     7
 Armour: Animal skin       |     2 |       |       |       |       ||     2
         Leather armour    |    15 |       |       |       |       ||    15
         Troll leather arm |     5 |    69 |     2 |       |       ||    76
         Skin              |       |    20 |       |       |       ||    20
         Chain mail        |       |       |   173 |   156 |    48 ||   377
         Ring mail         |       |       |     4 |       |       ||     4
  Dodge: Dodged            |    79 |   114 |   199 |   124 |    53 ||   569
         Repelled          |       |       |       |       |     1 ||     1
  Block: Kite shield       |       |       |    29 |   266 |    78 ||   373
         Reflection        |       |       |       |    10 |     8 ||    18
   Form: Beast             |     2 |       |       |     2 |       ||     4
                           |     1 |       |       |     1 |       ||     2

Table legend: (Time is in decaauts)
 A = Elapsed time spent in this place.
 B = Non-inter-level travel time spent in this place.
 C = Inter-level travel time spent in this place.
 D = Time resting spent in this place.
 E = Time spent auto-exploring this place.
 F = Levels seen in this place.
 G = Mean time per level.
                   A        B        C        D        E       F      G
               +--------+--------+--------+--------+--------+-----+--------+
         Total |  17785 |  17217 |    568 |   1810 |  12289 |  19 |  936.1 |
       Dungeon |  11235 |  10850 |    385 |    796 |   8027 |  11 | 1021.4 |
        Temple |     18 |     18 |      0 |      0 |      0 |   1 |   18.0 |
          Lair |   4196 |   4047 |    149 |    299 |   3214 |   4 | 1049.0 |
  Orcish Mines |   1381 |   1349 |     32 |    192 |    889 |   2 |  690.5 |
      Gauntlet |    953 |    953 |      0 |    523 |    158 |   1 |  953.0 |
               +--------+--------+--------+--------+--------+-----+--------+

Top non-repeatable levels by time:
    D:10: 1546 daAuts
  Lair:2: 1269 daAuts
  Lair:3: 1251 daAuts
     D:6: 1250 daAuts
     D:7: 1236 daAuts
     D:9: 1136 daAuts
     D:4: 1089 daAuts
     D:8: 976 daAuts
Gauntlet: 953 daAuts
     D:1: 940 daAuts
  Lair:4: 935 daAuts
     D:3: 879 daAuts
    D:11: 843 daAuts
   Orc:2: 820 daAuts
  Lair:1: 740 daAuts
